 Dungeon Crawl Stone Soup version 0.21.1-1-g345015f (webtiles) character file.

16427 sking99 the Severer (level 12, -3/106 HPs)
             Began as a Hill Orc Fighter on June 28, 2018.
             Was a Follower of Uskayaw.
             Slain by a catoblepas (9 damage)
             ... on level 2 of the Lair of Beasts.
             The game lasted 00:36:45 (12952 turns).

sking99 the Severer (Hill Orc Fighter)             Turns: 12952, Time: 00:36:45

Health: -3/106     AC: 20    Str: 25    XL:     12   Next: 37%
Magic:  20/20      EV:  2    Int:  8    God:    Uskayaw [*.....]
Gold:   408        SH:  0    Dex: 14    Spells: 10/11 levels left

rFire    . . .     SeeInvis .   a - +2 war axe
rCold    . . .     Gourm    .   S - +2 large shield
rNeg     + + +     Faith    +   b - +0 storm dragon scales
rPois    ∞         Spirit   .   R - +0 helmet
rElec    +         Reflect  .   x - +2 cloak
rCorr    .         Harm     .   F - +2 pair of gloves
MR       .....                  (no boots)
Stlth    ..........             T - amulet of faith
HPRegen  0.27/turn              v - +5 ring of strength
MPRegen  0.17/turn              C - ring of poison resistance

@: petrified
A: no striking features
a: Stomp, Renounce Religion


You were on level 2 of the Lair of Beasts.
You worshipped Uskayaw.
Uskayaw was aware of your devotion.
You were not hungry.

You visited 2 branches of the dungeon, and saw 13 of its levels.

You collected 688 gold pieces.
You spent 280 gold pieces at shops.

Inventory:

Hand Weapons
 a - a +2 war axe (weapon)
 d - a +0 morningstar
Missiles
 X - a throwing net (quivered)
Armour
 b - +0 storm dragon scales (worn)
 x - a +2 cloak (worn)
 z - the +2 hat of Classification {rElec rC+ rCorr}
   (You found it on level 7 of the Dungeon)

   It protects you from cold.
   It insulates you from electricity.
   It protects you from acid and corrosion.
 F - a +2 pair of gloves (worn)
 R - a +0 helmet (worn)
 S - a +2 large shield (worn)
Jewellery
 n - an uncursed ring of protection from fire
 v - a +5 ring of strength (left hand)
 C - a ring of poison resistance (right hand)
 T - an amulet of faith (around neck)
Wands
 p - a wand of flame (49)
 q - a wand of iceblast (18)
 A - a wand of enslavement (18)
 B - a wand of disintegration (11)
 O - a wand of acid (23)
 W - a wand of digging (21)
Scrolls
 c - 3 scrolls of identify
 g - 2 scrolls of immolation
 i - a scroll of teleportation
 k - 7 scrolls of remove curse
 s - a scroll of fog
 y - a scroll of random uselessness {unknown}
 D - 2 scrolls of amnesia
 J - 2 scrolls of blinking {unknown}
 L - a scroll of fear {unknown}
 V - 4 scrolls of silence {unknown}
Potions
 h - 4 potions of curing
 l - 2 potions of lignification
 t - 4 potions of heal wounds
 u - 3 potions of mutation
 G - 3 potions of ambrosia
 H - 2 potions of haste {unknown}
 I - 2 potions of brilliance {unknown}
 M - 2 potions of degeneration {unknown}
 N - 3 potions of magic
 P - 2 potions of flight {unknown}
 Q - a potion of berserk rage {unknown}
 U - 2 potions of resistance {unknown}
Comestibles
 f - 20 rations


   Skills:
 - Level 10.2 Fighting
 - Level 16.1 Axes
 + Level 6.7 Armour
 + Level 8.6 Shields
 + Level 11.7 Invocations


You had 10 spell levels left.
You knew the following spells:

 Your Spells              Type           Power        Failure   Level  Hunger
a - Apportation           Tloc           #.....       100%        1    ##.....


Dungeon Overview and Level Annotations

Branches:
Dungeon (11/15)            Temple (0/1) D:7            Lair (2/6) D:10
  Snake (0/4) Lair:2          Orc (0/2) D:9
  Swamp: Lair:2-4    Shoals: Lair:2-4

Altars:
Dithmenos
Gozag
Nemelex Xobeh
Okawaru
Qazlal
Sif Muna
Trog
Uskayaw
Wu Jian
Xom
Beogh

Shops:
D:7 =

Portals:
Trove: D:11 (give +3 shadow dragon scales)

Annotations:
D:11 Snorg


Message History

The catoblepas breathes a plume of calcifying dust at you.
The blast of calcifying dust hits you!
* * * LOW HITPOINT WARNING * * *
Your limbs are stiffening.
The catoblepas gores you but does no damage.
You have turned to stone.
The catoblepas gores you but does no damage.
The catoblepas gores you!
* * * LOW HITPOINT WARNING * * *
The catoblepas gores you!
* * * LOW HITPOINT WARNING * * *
You hear the faint crackling of a very distant melting archway.
The catoblepas gores you!
* * * LOW HITPOINT WARNING * * *
The catoblepas gores you but does no damage.
The catoblepas breathes a plume of calcifying dust at you.
The blast of calcifying dust hits you!
You can no longer pass through a line of other dancers.
You are engulfed in calcifying dust.
The catoblepas gores you!!
You die...

*#* ******####* **#.*
**,*,,##...###,.####***##
,,,,,,........,....,,,,.##
,,,**,,,PP....,...,,,,...#
********##....#.#,,##...##
,* #....#.####.#....# **
*****#......Y@§§.....#* *
*,,+............>.##.* *
*,,.###........<..#*,* *
**,,* #....#...####*,* *
*,** #...##..P..*,,,* *
***>,* #...........,,,*
***,,,,**#............,,*
,,,,,,,,,.............,,*
,,,,,,,,,,.............,*


You could see a catoblepas.

Vanquished Creatures
  Harold (D:11)
  The ghost of troglodite the Carver, a journeyman DsBe of Trog (D:11)
  A hydra (D:10)
  Erolcha (D:11)
  The ghost of olivier the Basher, a journeyman GrFi of Makhleb (D:11)
  A two-headed ogre (D:8)
  The ghost of sking99 the Spear-Bearer, a novice DsGl of Qazlal (D:9)
  Pikel (D:7)
  An ugly thing (D:11)
  2 centaur zombies (D:11)
  A black mamba (Lair:1)
  3 spiny frogs (Lair:1)
  A komodo dragon (Lair:1)
  A troll (D:10)
  Grinder (D:3)
  A hippogriff (Lair:1)
  Eustachio (D:4)
  15 yaks
  2 water moccasins
  4 porcupines (Lair:1)
  7 sky beasts
  8 orc warriors
  2 black bears
  An ice beast (D:10)
  A phantom (D:4)
  5 ogres
  3 centaurs
  8 bullfrogs
  A big kobold (D:10)
  4 scorpions
  9 wights (D:7)
  An electric eel (Lair:1)
  3 bullfrog zombies
  7 crimson imps
  2 quasits
  6 hounds
  8 orc priests
  3 jellies
  Crazy Yiuf (D:3)
  A centaur skeleton (D:10)
  11 orc wizards
  Ijyb (D:3)
  Natasha (D:3)
  3 worker ants
  An iguana (D:8)
  A howler monkey zombie (D:8)
  A howler monkey skeleton (D:6)
  A worker ant zombie (D:7)
  20 adders
  6 gnolls
  2 shadow imps
  2 oozes
  2 adder skeletons
  4 worms
  2 dart slugs
  A leopard gecko (D:7)
  53 orcs
  5 giant cockroaches
  7 goblins
  8 hobgoblins
  11 jackals
  3 quokkas
  11 bats
  6 frilled lizards
  A giant cockroach zombie (D:5)
  A jackal skeleton (D:4)
  A jackal zombie (D:8)
  7 kobolds
  7 rats
  A plant (Lair:2)
303 creatures vanquished.

Vanquished Creatures (others)
  A plant (Lair:1)
1 creature vanquished.

Grand Total: 304 creatures vanquished

Notes
Turn   | Place    | Note
-------+----------+-------------------------------------------
     0 | D:1      | sking99 the Hill Orc Fighter began the quest for the Orb.
     0 | D:1      | Reached XP level 1. HP: 19/19 MP: 1/1
   138 | D:1      | Reached skill level 3 in Axes
   239 | D:1      | Reached XP level 2. HP: 27/27 MP: 2/2
   583 | D:2      | Found an iron altar of Okawaru.
   585 | D:2      | Reached skill level 4 in Axes
   603 | D:2      | Reached XP level 3. HP: 32/33 MP: 3/3
  1103 | D:2      | Reached XP level 4. HP: 27/41 MP: 4/4
  1325 | D:2      | Reached skill level 5 in Axes
  1544 | D:3      | Found a bloodstained altar of Trog.
  2046 | D:3      | Found a runed door.
  2096 | D:3      | Reached XP level 5. HP: 38/47 MP: 5/5
  2192 | D:3      | Noticed Ijyb
  2214 | D:3      | Reached skill level 5 in Fighting
  2214 | D:3      | Reached skill level 6 in Axes
  2221 | D:3      | Killed Ijyb
  2355 | D:3      | Noticed Natasha
  2366 | D:3      | Killed Natasha
  2366 | D:3      | Reached XP level 6. HP: 51/56 MP: 6/6
  2507 | D:3      | Found a shimmering altar of Xom.
  2508 | D:3      | Found a sparkling altar of Nemelex Xobeh.
  2508 | D:3      | Found a deep blue altar of Sif Muna.
  2511 | D:3      | Noticed Grinder
  2520 | D:3      | Killed Grinder
  2520 | D:3      | Reached skill level 7 in Axes
  2613 | D:3      | Noticed Crazy Yiuf
  2620 | D:3      | Killed Crazy Yiuf
  2620 | D:3      | Reached skill level 8 in Axes
  2620 | D:3      | Reached XP level 7. HP: 57/63 MP: 7/7
  3038 | D:4      | Noticed Eustachio
  3062 | D:4      | Killed Eustachio
  3062 | D:4      | Reached skill level 9 in Axes
  3253 | D:4      | Found an ornate altar of the Wu Jian Council.
  3253 | D:4      | Found a faded altar of an unknown god.
  3261 | D:4      | Found a hide-covered altar of Uskayaw.
  3263 | D:4      | Found a faded altar of an unknown god.
  3265 | D:4      | Found an opulent altar of Gozag.
  3275 | D:4      | Became a worshipper of Uskayaw the Reveler
  3467 | D:4      | Found a bloodstained altar of Trog.
  3562 | D:5      | Entered Level 5 of the Dungeon
  3568 | D:4      | Reached * piety under Uskayaw
  3569 | D:4      | Reached ** piety under Uskayaw
  3697 | D:5      | Reached XP level 8. HP: 73/73 MP: 8/8
  3906 | D:5      | Reached skill level 10 in Axes
  4144 | D:5      | Reached *** piety under Uskayaw
  4591 | D:6      | Reached skill level 1 in Invocations
  4661 | D:6      | Reached skill level 11 in Axes
  4664 | D:6      | Reached **** piety under Uskayaw
  5150 | D:6      | Learned a level 1 spell: Apportation
  5200 | D:7      | Reached XP level 9. HP: 81/81 MP: 11/11
  5210 | D:7      | Got a crude hat
  5216 | D:7      | Identified the +2 hat of Classification {rElec rC+ rCorr} (You found it on level 7 of the Dungeon)
  5408 | D:7      | Found a staircase to the Ecumenical Temple.
  5456 | D:7      | Found Unattint's Jewellery Shop.
  5479 | D:7      | Noticed Pikel
  5489 | D:7      | Killed Pikel
  5489 | D:7      | Reached skill level 12 in Axes
  5759 | D:7      | Reached skill level 5 in Invocations
  5949 | D:7      | Reached ***** piety under Uskayaw
  6177 | D:8      | Reached skill level 13 in Axes
  6460 | D:8      | Reached XP level 10. HP: 91/91 MP: 14/14
  6465 | D:8      | Noticed a two-headed ogre
  6472 | D:8      | Killed a two-headed ogre
  6602 | D:8      | Reached skill level 10 in Fighting
  6602 | D:8      | Reached skill level 14 in Axes
  6790 | D:8      | Found a shadowy altar of Dithmenos.
  6791 | D:8      | Found a stormy altar of Qazlal.
  7062 | D:9      | Noticed sking99's ghost (novice DsGl)
  7141 | D:9      | Killed sking99's ghost
  7685 | D:9      | Found a roughly hewn altar of Beogh.
  7685 | D:9      | Found a staircase to the Orcish Mines.
  7715 | D:9      | Reached skill level 15 in Axes
  7739 | D:9      | Reached ****** piety under Uskayaw
  8116 | D:9      | Reached XP level 11. HP: 88/100 MP: 17/17
  8305 | D:10     | Entered Level 10 of the Dungeon
  8305 | D:10     | Found a staircase to the Lair.
  8573 | D:10     | Reached skill level 5 in Shields
  9153 | D:11     | Noticed Snorg
  9239 | D:11     | Found a portal to a secret trove of treasure.
  9491 | D:11     | Noticed Harold
  9503 | D:11     | Killed Harold
  9518 | D:11     | Noticed Erolcha
  9533 | D:11     | Killed Erolcha
  9533 | D:11     | Reached skill level 16 in Axes
  9780 | D:11     | Noticed olivier's ghost (journeyman GrFi)
  9992 | D:11     | Killed olivier's ghost
  9992 | D:11     | Reached skill level 10 in Invocations
 10291 | D:11     | Noticed troglodite's ghost (journeyman DsBe)
 10353 | D:11     | Killed troglodite's ghost
 10643 | D:11     | Noticed a white ugly thing
 10675 | D:11     | Killed a white ugly thing
 10675 | D:11     | Reached skill level 5 in Armour
 10928 | Lair:1   | Entered Level 1 of the Lair of Beasts
 10938 | Lair:1   | Reached XP level 12. HP: 86/106 MP: 20/20
 11174 | D:7      | Bought an uncursed ring of poison resistance for 280 gold pieces
 12106 | Lair:1   | Noticed a four-headed hydra
 12552 | D:10     | Killed a five-headed hydra
 12899 | Lair:2   | Noticed a catoblepas
 12949 | Lair:2   | HP: 5/106 [catoblepas (7)]
 12952 | Lair:2   | Slain by a catoblepas

Skill      XL: |  1  2  3  4  5  6  7  8  9 10 11 12 |
---------------+-------------------------------------+-----
Axes           | 3 4 5 6 8 9 11 13 15 16 | 16.1
Fighting       | 4 5 6 7 8 9 10 | 10.2
Invocations    | 3 6 8 10 11 | 11.7
Shields        | 4 7 8 |  8.6
Armour         | 5 6 |  6.7

Action                   |  1- 3 |  4- 6 |  7- 9 | 10-12 || total
-------------------------+-------+-------+-------+-------++-------
Melee: War axe           |   105 |   135 |   328 |   597 ||  1165
       Morningstar       |       |       |       |     6 ||     6
Invok: Stomp             |       |       |       |     2 ||     2
       Line Pass         |       |       |       |     1 ||     1
Evoke: Wand              |       |       |       |     6 ||     6
  Use: Potion            |       |     1 |     1 |     1 ||     3
       Scroll            |       |       |     9 |    15 ||    24
 Stab: Paralysed         |       |       |    10 |    63 ||    73
       Invisible         |       |       |       |     6 ||     6
  Eat: Chunk             |     1 |     5 |     9 |    15 ||    30
       Ration            |       |       |     1 |     2 ||     3
Armor: Scale mail        |    57 |    23 |       |       ||    80
       Skin              |       |    20 |       |       ||    20
       Chain mail        |       |    18 |   190 |   203 ||   411
       Storm dragon scal |       |       |       |    61 ||    61
Dodge: Dodged            |    34 |    31 |    68 |    51 ||   184
Block: Shield            |    68 |    69 |   128 |    66 ||   331
       Large shield      |       |       |       |   244 ||   244
